 Dungeon Crawl Stone Soup version 0.31-a0-965-g8a8ce12e04 (webtiles) character file.

Game seed: 1870059079824777668

411 Maxmaps the Covert (level 6, 0/43 HPs)
             Began as an Octopode Monk on Oct 26, 2023.
             Splashed by a jelly's acid (6 damage)
             ... on level 5 of the Dungeon.
             The game lasted 00:03:48 (3326 turns).

Maxmaps the Covert (Octopode Monk)                  Turns: 3326, Time: 00:03:49

Health: 0/43       AC: -15   Str: 11    XL:     6   Next: 90%
Magic:  0/6        EV: 14    Int: 14    God:
Gold:   243        SH:  0    Dex: 14    Spells: 5/5 levels left

rFire   . .          .
                       - Unarmed
rCold   . . .        (no shield)
rNeg    + . .        k - +0 hat
rPois   .            i - amulet of guardian spirit
rElec   .            e - ring of positive energy
rCorr   .            (no ring)
SInv    .            (no ring)
Will    .....        (no ring)
Stlth   +++++        (no ring)
HPRegen 0.27/turn    (no ring)
MPRegen 0.10/turn    (no ring)
                     (no ring)

%: guardian spirit
@: about to teleport, corroded
A: almost no armour, amphibious, 8 rings, camouflage 1, gelatinous body 1,
(nimble swimmer 1), tentacles, mutation resistance 1
a: no special abilities


You were on level 5 of the Dungeon.
You visited 1 branch of the dungeon, and saw 5 of its levels.

You collected 243 gold pieces.

Inventory:

Hand Weapons
 f - a +3 hand axe of flaming
Armour
 b - an orb of light
 k - a +0 hat (worn)
Jewellery
 e - a ring of positive energy (left tentacle)
 i - an amulet of guardian spirit (around mantle)
Wands
 d - a wand of roots (10)
Scrolls
 g - a scroll of poison
 m - 2 scrolls of enchant weapon
Potions
 a - a potion of ambrosia
 c - 2 potions of enlightenment
 h - a potion of berserk rage
 j - a potion of haste
 l - 2 potions of curing


   Skills:
 + Level 3.9 Fighting
 - Level 3.0 Dodging
 - Level 9.0 Stealth
 - Level 3.0 Unarmed Combat


You had 5 spell levels left.
You didn't know any spells.
Your spell library contained the following spells:

 Spells                   Type           Power      Damage    Failure   Level
 Sandblast                Erth           0%         2d4       28%         1
 Passwall                 Tmut/Erth      0%         N/A       41%         2
 Stone Arrow              Conj/Erth      0%         3d7       65%         3
 Brom's Barrelling Bould  Conj/Erth      0%         2d3       96%         4
 Manifold Assault         Tloc           0%         N/A       96%         4
 Dispersal                Tloc           0%         N/A       100%        6
 Malign Gateway           Summ/Tloc      0%         N/A       100%        7
 Disjunction              Tloc           0%         N/A       100%        8
 Summon Horrible Things   Summ           0%         N/A       100%        8


Dungeon Overview and Level Annotations

Branches:
Dungeon (5/15)
 Temple: D:4-7

Altars:
Ashenzari
Elyvilon

Shops:
D:3 :


Innate Abilities, Weirdness & Mutations

You cannot wear most types of armour.
You are amphibious.
You can wear up to eight rings at the same time.
Your skin changes colour to match your surroundings (Stealth+).
Your rubbery body absorbs attacks. (AC +1, EV +1)
((You are camouflaged when in or above water. (Stealth+)))
You have tentacles for arms and can constrict up to eight enemies at once.
You are somewhat resistant to further mutation.


Message History

The jelly quivers.
The jelly misses you.
You tentacle-slap the jelly but do no damage.
Your tentacles burn!
You tentacle-slap the jelly. The acid corrodes you!
Your tentacles burn!
You squeeze the jelly, but do no damage.
The jelly is lightly wounded.
The jelly closely misses you.
You tentacle-slap the jelly but do no damage.
The acid corrodes you!
Your tentacles burn!
The jelly is lightly wounded.
The jelly hits you. The acid corrodes you!
You are splashed with acid!
You tentacle-slap the jelly but do no damage.
The acid corrodes you!
Your tentacles burn!
The jelly is lightly wounded.
The jelly barely misses you.
You tentacle-slap the jelly but do no damage.
Your tentacles burn!
The jelly is lightly wounded.
The jelly closely misses you.
You tentacle-slap the jelly but do no damage.
Your tentacles burn!
The jelly is lightly wounded.
The jelly hits you.
You are splashed with acid!
* * * LOW HITPOINT WARNING * * *
You are too injured to fight recklessly!
You are too injured to fight recklessly!
You are too injured to fight recklessly!
A jelly is nearby!
A jelly is nearby!
You are too injured to fight recklessly!
Okay, then.
Okay, then.
As you read the scroll of teleportation, it crumbles to dust.
You feel strangely unstable. The jelly barely misses you.
The jelly attacks as it pursues you! The jelly barely misses you.
The jelly attacks as it pursues you! The jelly hits you.
* * * LOW HITPOINT WARNING * * *
You are splashed with acid.
You die...

#........#..#..##
.................
#.#####..#.......
................
.#####.[...#.####
#.....#.... .##
#....<#..######....
###.....#............
............@J..#
...#......#..#####
......[...#..#
.#.#.#.......#
#.#.#........ .
............
.#.#..........
.......#......


You could see a jelly.

Vanquished Creatures
  A black bear (D:4)
  A jelly (D:5)
  A hound (D:3)
  An orc priest (D:4)
  7 adders
  7 gnolls
  A worm (D:2)
  2 dart slugs
  10 orcs
  3 ball pythons
  5 endoplasms
  3 giant cockroaches
  8 goblins
  4 hobgoblins
  4 jackals (D:1)
  4 quokkas
  7 bats
  4 frilled lizards
  9 kobolds
  4 rats
86 creatures vanquished.

Notes
Turn   | Place    | Note
-------+----------+-------------------------------------------
     0 | D:1      | Maxmaps the Octopode Monk began the quest for the Orb.
     0 | D:1      | Reached XP level 1. HP: 16/16 MP: 1/1
    80 | D:1      | Reached skill level 1 in Stealth
    84 | D:1      | Reached skill level 2 in Stealth
    84 | D:1      | Reached XP level 2. HP: 14/21 MP: 2/2
   205 | D:1      | Reached skill level 3 in Stealth
   371 | D:1      | Found a faded altar of an unknown god.
   389 | D:1      | Reached XP level 3. HP: 18/26 MP: 3/3
   453 | D:1      | Reached skill level 4 in Stealth
   951 | D:2      | Reached skill level 5 in Stealth
   951 | D:2      | Reached XP level 4. HP: 24/31 MP: 4/4
  1143 | D:2      | Gained mutation: You are somewhat resistant to further
                  | mutation. [potion of mutation]
  1477 | D:2      | Found a white marble altar of Elyvilon.
  1614 | D:3      | Found Aczoibe's Book Shop.
  1645 | D:3      | Reached skill level 6 in Stealth
  1854 | D:3      | Found a white marble altar of Elyvilon.
  1862 | D:3      | Reached XP level 5. HP: 28/36 MP: 3/5
  2248 | D:4      | Reached skill level 7 in Stealth
  2615 | D:4      | Found a broken altar of Ashenzari.
  2680 | D:4      | Noticed a black bear
  2768 | D:4      | Killed a black bear
  2769 | D:4      | Reached skill level 8 in Stealth
  2769 | D:4      | Reached XP level 6. HP: 33/42 MP: 6/6
  3084 | D:5      | Entered Level 5 of the Dungeon
  3091 | D:5      | Reached skill level 9 in Stealth
  3326 | D:5      | Splashed by a jelly's acid

Illustrated notes

Levels and vault maps discovered:
D:1:      roderic_dead_forest, layout_rooms, hellmonk_ecumenical_altar_run_dry
D:2:      layout_loops_ring, basic_altar, minmay_pentomino_pile
D:3:      layout_rooms, mainiacjoe_overflow_catwalk, serial_shops, shop,
          chequers_mini_garden
D:4:      layout_rooms, nicolae_ashenzari_panopticon, serial_bayou,
          serial_bayou_lagoon_b, serial_bayou_lake_a, serial_bayou_pond_c,
          serial_bayou_pond_d, serial_bayou_ford_a
D:5:      layout_basic

Skill      XL: |  1  2  3  4  5  6 |
---------------+-------------------+-----
Stealth        | 2 3 5 6 8 9 |  9.0
Fighting       | |  3.9
Dodging        | |  3.0
Unarmed Combat | |  3.0

Action                     |  1- 3 |  4- 6 || total
---------------------------+-------+-------++-------
  Melee: Unarmed           |    75 |   138 ||   213
         Constrict         |    21 |    29 ||    50
         Tentacles         |    12 |    34 ||    46
         Punch             |     1 |     6 ||     7
    Use: Potion            |     3 |     3 ||     6
         Scroll            |     2 |     7 ||     9
   Stab: Sleeping          |    12 |    19 ||    31
         Distracted        |       |     1 ||     1
 Armour: Skin              |    28 |    44 ||    72
  Dodge: Dodged            |    36 |    82 ||   118

Table legend: (Time is in decaauts)
 A = Elapsed time spent in this place.
 B = Non-inter-level travel time spent in this place.
 C = Inter-level travel time spent in this place.
 D = Time resting spent in this place.
 E = Time spent auto-exploring this place.
 F = Levels seen in this place.
 G = Mean time per level.
                   A        B        C        D        E       F      G
               +--------+--------+--------+--------+--------+-----+--------+
         Total |   3309 |   3187 |    122 |    331 |   2201 |   5 |  661.8 |
       Dungeon |   3309 |   3187 |    122 |    331 |   2201 |   5 |  661.8 |
               +--------+--------+--------+--------+--------+-----+--------+

Top non-repeatable levels by time:
     D:4: 966 daAuts
     D:2: 965 daAuts
     D:3: 625 daAuts
     D:1: 621 daAuts
     D:5: 131 daAuts
